 Dungeon Crawl Stone Soup version 0.17-a0-227-gf5308cc (webtiles) character file.

263 Ngotmuk the Shield-Bearer (level 5, -4/45 HPs)
             Began as a Demigod Fighter on Mar 29, 2015.
             Slain by an ogre
             ... wielding a cursed -1 giant spiked club
              (16 damage)
             ... on level 4 of the Dungeon.
             The game lasted 00:08:34 (3076 turns).

Ngotmuk the Shield-Bearer (Demigod Fighter)         Turns: 3076, Time: 00:08:35

Health: -4/45      AC:  9    Str: 21    XL:     5   Next: 65%
Magic:  8/8        EV:  6    Int: 12    God:
Gold:   229        SH: 10    Dex: 15    Spells: 0 memorised, 4 levels left

rFire  . . .     SeeInvis .     a - +0 flail
rCold  . . .     Clarity  .     n - +0 chain mail
rNeg   . . .     SustAb   +     c - +0 shield
rPois  .         Gourm    .     (no helmet)
rElec  .         Spirit   .     (no cloak)
rCorr  .         Warding  .     (no gloves)
rMut   +         Stasis   .     (no boots)
MR     .....                    C - amulet of resist mutation (curse)
Stlth  ..........               s - +2 ring of slaying
                                g - ring of wizardry (curse)

@: not resistant to hostile enchantments, extremely unstealthy
A: sustain abilities
a: no special abilities


You were on level 4 of the Dungeon.
You were not hungry.

You visited 1 branch of the dungeon, and saw 4 of its levels.
You also visited: Sewer.

You collected 229 gold pieces.

Inventory:

Hand weapons
 a - a +0 flail (weapon)
Armour
 c - a +0 shield (worn)
 n - a +0 chain mail (worn)
Jewellery
 g - a cursed ring of wizardry (left hand)
 m - an uncursed ring of stealth
 s - a +2 ring of slaying (right hand)
 C - a cursed amulet of resist mutation (around neck)
Scrolls
 f - 2 scrolls of recharging {unknown}
 i - 2 scrolls of blinking {unknown}
 j - 2 scrolls of enchant weapon {unknown}
 k - 7 scrolls of teleportation
 l - 2 scrolls of noise {unknown}
 o - 3 scrolls of identify {unknown}
 p - 2 scrolls of magic mapping {unknown}
 t - 2 scrolls of random uselessness {unknown}
 w - a scroll of amnesia
 x - a scroll of remove curse {unknown}
 y - a scroll of enchant armour {unknown}
Potions
 b - a potion of resistance {unknown}
 e - a potion of might
 h - 2 potions of invisibility {unknown}
 q - a potion of brilliance {unknown}
 u - a potion of agility {unknown}
 v - 2 potions of lignification {unknown}
 z - 2 potions of magic {unknown}
 A - a potion of curing {unknown}
 B - 4 potions of flight
Books
 E - a book of Envenomations

   Spells                             Type                      Level
   a - Spider Form                    Transmutation/Poison         3
   b - Alistair's Intoxication        Transmutation/Poison         4
   c - Olgreb's Toxic Radiance        Poison                       4
   d - Poisonous Cloud                Conjuration/Poison/Air       6
Comestibles
 d - 3 bread rations


   Skills:
 + Level 3.4 Fighting
 + Level 2.9 Maces & Flails
 + Level 3.6 Armour
 + Level 1.9 Dodging
 + Level 3.9 Shields


You had 4 spell levels left.
You didn't know any spells.

Dungeon Overview and Level Annotations

Branches:
Dungeon (4/15)
 Temple: D:4-7


Innate Abilities, Weirdness & Mutations

Your attributes are resistant to harm.


Message History

You kill the goblin!
Found a stone staircase leading down.
You see here a club.
An ogre comes into view. It is wielding a giant spiked club.
The ogre shouts!
You hear a shout!
An ogre is nearby!
You block the ogre's attack.
You hit the ogre.
The ogre is lightly wounded.
The ogre hits you but does no damage.
You hit the ogre!
The ogre is moderately wounded.
The ogre hits you with a giant spiked club!!
Ouch! That really hurt!
* * * LOW HITPOINT WARNING * * *
A hobgoblin comes into view.
You hit the ogre.
The ogre is moderately wounded.
The ogre hits you with a giant spiked club!
You die...

#.#..... ..#<.
#.....# ##.#####
#.... #.#.#....#
##.# #....
#...#)#### ##.#
#.....#..##(# # .
#.....#.....#
#...........#
#######.###..####
.........)$....#
.#######@##..#.#
#O##..#.# .g....#
# ##.###.# #.# .#
#.# .# #.# .# #.#
#.#


You could see an ogre and a hobgoblin.

Vanquished Creatures
  A siren (Sewer)
  A merfolk avatar (Sewer)
  2 river rats (D:3)
  6 adders
  5 giant mites
  2 worms
  A giant gecko (Sewer)
  4 orcs (D:3)
  7 bats
  A bat zombie (D:1)
  4 giant cockroaches
  10 hobgoblins
  A quokka (D:4)
  5 ball pythons
  A giant cockroach zombie (D:1)
  7 giant newts
  8 goblins
  5 kobolds
  31 rats
102 creatures vanquished.

Vanquished Creatures (others)
  16 drowned souls (Sewer)
16 creatures vanquished.

Grand Total: 118 creatures vanquished

Notes
Turn   | Place    | Note
--------------------------------------------------------------
     0 | D:1      | Ngotmuk, the Demigod Fighter, began the quest for the Orb.
     0 | D:1      | Reached XP level 1. HP: 18/18 MP: 2/2
   189 | D:1      | Reached XP level 2. HP: 18/25 MP: 3/3
   400 | D:1      | Reached skill level 3 in Armour
   695 | D:2      | Reached XP level 3. HP: 19/30 MP: 5/5
   952 | D:2      | Reached skill level 1 in Dodging
  1412 | D:2      | Found a shadowy altar of Dithmenos.
  1412 | D:2      | Found a bloodstained altar of Trog.
  1413 | D:2      | Found a shimmering altar of Xom.
  1556 | D:3      | Found a glowing drain.
  1631 | D:3      | Reached XP level 4. HP: 14/38 MP: 7/7
  1780 | Sewer    | Entered a sewer
  2023 | Sewer    | Reached XP level 5. HP: 45/45 MP: 8/8
  2072 | Sewer    | Noticed a drowned soul
  2073 | Sewer    | Noticed a drowned soul
  2073 | Sewer    | Noticed a drowned soul
  2075 | Sewer    | Noticed a drowned soul
  2076 | Sewer    | Noticed a drowned soul
  2077 | Sewer    | Noticed a drowned soul
  2077 | Sewer    | Killed a drowned soul
  2078 | Sewer    | Killed a drowned soul
  2079 | Sewer    | Killed a drowned soul
  2080 | Sewer    | Killed a drowned soul
  2086 | Sewer    | Noticed a drowned soul
  2086 | Sewer    | Noticed a drowned soul
  2086 | Sewer    | Noticed a drowned soul
  2087 | Sewer    | Noticed a drowned soul
  2087 | Sewer    | Noticed a drowned soul
  2087 | Sewer    | Killed a drowned soul
  2089 | Sewer    | Killed a drowned soul
  2089 | Sewer    | Killed a drowned soul
  2090 | Sewer    | Noticed a drowned soul
  2090 | Sewer    | Killed a drowned soul
  2090 | Sewer    | Killed a drowned soul
  2091 | Sewer    | Noticed a drowned soul
  2091 | Sewer    | Noticed a drowned soul
  2092 | Sewer    | Noticed a drowned soul
  2092 | Sewer    | Killed a drowned soul
  2093 | Sewer    | Killed a drowned soul
  2094 | Sewer    | Killed a drowned soul
  2095 | Sewer    | Noticed a drowned soul
  2095 | Sewer    | Killed a drowned soul
  2097 | Sewer    | Noticed a drowned soul
  2098 | Sewer    | Noticed a drowned soul
  2099 | Sewer    | Killed a drowned soul
  2100 | Sewer    | Noticed a drowned soul
  2100 | Sewer    | Killed a drowned soul
  2100 | Sewer    | Killed a drowned soul
  2101 | Sewer    | Noticed a drowned soul
  2101 | Sewer    | Noticed a drowned soul
  3072 | D:4      | Noticed an ogre
  3076 | D:4      | Slain by an ogre

Action                   |  1- 3 |  4- 6 || total
-------------------------+-------+-------++-------
Melee: Flail             |   155 |   206 ||   361
  Use: Scroll            |     1 |     1 ||     2
  Eat: Meat ration       |     1 |       ||     1
       Pizza             |       |     1 ||     1
       Beef jerky        |       |     1 ||     1
